 Dungeon Crawl Stone Soup version 0.27-a0-412-g8dd771eca2 (webtiles) character file.

Game seed: 7390278279123749551

232764 Morbidden the Eclecticist (level 18, -14/138 HPs)
             Began as a Demonspawn Venom Mage on Feb 24, 2021.
             Was the Champion of Vehumet.
             Demolished by a vault warden
             ... wielding a +0 great mace
              (67 damage)
             ... on level 3 of the Vaults.
             The game lasted 02:23:23 (60116 turns).

Morbidden the Eclecticist (Demonspawn Venom Mage)  Turns: 60116, Time: 02:23:23

Health: -14/138    AC: 20    Str: 14    XL:     18   Next: 83%
Magic:  6/38       EV: 20    Int: 26    God:    Vehumet [******]
Gold:   3973       SH: 17    Dex: 19    Spells: 5/49 levels left

rFire    + . .     SeeInvis .   a - +3 Maxwell's thermic engine {flame, freeze}
rCold    . . .     Faith    .   d - +1 kite shield {rF+}
rNeg     . . .     Spirit   .   N - +6 chain mail "Dytazet" {Regen+}
rPois    .         Reflect  +   (helmet unavailable)
rElec    .         Harm     +   j - +2 cloak "Teolifal" {Harm Regen+}
rCorr    .         Rampage  .   K - +0 pair of gloves
Will     +....                  A - +0 pair of boots
Stlth    ..........             v - amulet of reflection
HPRegen  2.33/turn              k - +4 ring of evasion
MPRegen  0.26/turn              g - ring of Uskayaw's Esteem {+Fly Dex+6}

@: agile
A: horns 3, demonic guardian 1, powered by pain 3, big brain 3
}: 1/15 runes: barnacled
a: Renounce Religion, Evoke Flight


You were on level 3 of the Vaults.
You worshipped Vehumet.
Vehumet was exalted by your worship.
You visited 6 branches of the dungeon, and saw 31 of its levels.
You visited the Abyss 1 time.
You also visited: Sewer and Bailey.

You collected 4798 gold pieces.
You spent 825 gold pieces at shops.

Inventory:

Hand Weapons
 a - the +3 Maxwell's thermic engine (weapon) {flame, freeze}
   (You found it on level 5 of the Lair of Beasts)

   It has been specially enchanted to burn those struck by it, causing extra
   injury to most foes and up to half again as much damage against particularly
   susceptible opponents.
   Big, fiery blades are also staple armaments of hydra-hunters.
   It has been specially enchanted to freeze those struck by it, causing extra
   injury to most foes and up to half again as much damage against particularly
   susceptible opponents.
   It becomes more effective when it hits something.
   This effect fades over time.
 b - a +2 dagger of electrocution
Missiles
 q - 88 javelins (quivered)
 w - 6 silver javelins
 y - 15 silver boomerangs
 L - 108 boomerangs
 Q - 3 curare-tipped darts
Armour
 d - a +1 kite shield of fire resistance (worn)
 e - a +0 troll leather armour
 j - the +2 cloak "Teolifal" (worn) {Harm Regen+}
   (You acquired it on level 1 of the Vaults)

   It increases your rate of regeneration.
   It increases damage dealt and taken.
 A - a +0 pair of boots (worn)
 K - a +0 pair of gloves (worn)
 M - +2 steam dragon scales
 N - the +6 chain mail "Dytazet" (worn) {Regen+}
   (You took it off a merfolk on level 4 of the Shoals)

   It increases your rate of regeneration.
Jewellery
 g - the ring of Uskayaw's Esteem (right hand) {+Fly Dex+6}
   (You took it off a merfolk on level 4 of the Shoals)

   [ring of dexterity]

   It affects your dexterity (+6).
   It lets you fly.
 k - a +4 ring of evasion (left hand)
 u - a ring of protection from fire
 v - an amulet of reflection (around neck)
 H - a ring of see invisible
 R - a ring of poison resistance
Wands
 o - a wand of flame (20)
 x - a wand of mindburst (7)
 z - a wand of iceblast (50)
 C - a wand of acid (14)
 E - a wand of paralysis (10)
 O - a wand of random effects (36)
 U - a wand of digging (1)
Scrolls
 c - 5 scrolls of teleportation
 l - 6 scrolls of amnesia
 p - 8 scrolls of identify
 s - 7 scrolls of immolation
 G - a scroll of magic mapping
 I - 5 scrolls of fog
 W - a scroll of fear
 Y - 2 scrolls of enchant armour
 Z - 4 scrolls of vulnerability
Potions
 h - 5 potions of curing
 i - a potion of cancellation
 m - a potion of magic
 n - 6 potions of mutation
 r - a potion of heal wounds
 t - 5 potions of attraction
 B - 3 potions of might
 D - a potion of resistance
 J - 2 potions of haste
 S - a potion of ambrosia
 T - 2 potions of flight
 X - a potion of invisibility
Miscellaneous
 f - a box of beasts
 F - a phantom mirror
 P - a phial of floods
 V - a tin of tremorstones (2/2)


   Skills:
 * Level 11.3 Fighting
 + Level 3.9(6.3) Short Blades
 * Level 7.6(8.1) Long Blades
 + Level 1.0 Throwing
 + Level 2.7 Armour
 * Level 11.1 Dodging
 + Level 3.9 Stealth
 * Level 8.9 Shields
 + Level 0.4 Unarmed Combat
 * Level 16.3 Spellcasting
 * Level 7.1 Conjurations
 + Level 6.4 Necromancy
 * Level 7.2 Transmutations
 * Level 5.4 Fire Magic
 + Level 11.3 Air Magic
 * Level 2.8 Earth Magic
 + Level 11.1 Poison Magic
 + Level 1.1 Evocations


You had 5 spell levels left.
You knew the following spells:

 Your Spells              Type           Power        Failure   Level
a - Airstrike             Air            34%          1%          4
b - Fireball              Conj/Fire      26%          26%         5
c - Olgreb's Toxic Radia  Pois           68%          1%          4
d - Sting                 Tmut/Pois      100%         1%          1
e - Static Discharge      Conj/Air       62%          1%          3
f - Magic Dart            Conj           100%         1%          1
g - Starburst             Conj/Fire      26%          75%         6
h - Poisonous Vapours     Pois/Air       100%         1%          2
i - Statue Form           Tmut/Erth      31%          100%        6
s - Eringya's Noxious Bo  Tmut/Pois      31%          41%         6
x - Vampiric Draining     Necr           26%          12%         3
z - Ignite Poison         Fire/Tmut/Pois 58%          1%          3

Your spell library contained the following spells:

 Spells                   Type           Power        Failure   Level
 Absolute Zero            Ice            10%          100%        9
 Fire Storm               Conj/Fire      26%          100%        9
 Shatter                  Erth           18%          100%        9
 Mephitic Cloud           Conj/Pois/Air  64%          1%          3
 Conjure Flame            Conj/Fire      52%          3%          3
 Spider Form              Tmut/Pois      31%          3%          3
 Animate Skeleton         Necr           100%         4%          1
 Pain                     Necr           100%         4%          1
 Sandblast                Erth           72%          4%          1
 Sublimation of Blood     Necr           26%          6%          2
 Stone Arrow              Conj/Erth      94%          6%          3
 Passwall                 Tmut/Erth      39%          11%         2
 Irradiate                Conj/Tmut      28%          19%         5
 Animate Dead             Necr           26%          34%         4
 Bolt of Magma            Conj/Fire/Erth 24%          38%         5
 Petrify                  Tmut/Erth      47%          52%         4
 Yara's Violent Unravell  Hex/Tmut       20%          56%         5
 Blink                    Tloc           N/A          58%         2
 Call Imp                 Summ           21%          58%         2
 Ensorcelled Hibernation  Hex/Ice        42%          58%         2
 Slow                     Hex            21%          58%         2
 Agony                    Necr           53%          67%         5
 Lee's Rapid Deconstruct  Erth           18%          67%         5
 Confusing Touch          Hex            21%          80%         3
 Gell's Gravitas          Tloc           10%          80%         3
 Borgnjor's Vile Clutch   Necr/Erth      22%          89%         5
 Metabolic Englaciation   Hex/Ice        10%          100%        5
 Freezing Cloud           Conj/Ice/Air   26%          77%         6
 Hydra Form               Tmut           28%          98%         6
 Death Channel            Necr           26%          99%         6
 Simulacrum               Ice/Necr       19%          100%        6
 Dragon Form              Tmut           28%          100%        7
 Discord                  Hex            10%          100%        8


Dungeon Overview and Level Annotations

Branches:
Dungeon (15/15)            Temple (1/1) D:4            Lair (6/6) D:11
 Shoals (4/4) Lair:4        Snake (0/4) Lair:4        Slime (0/5) Lair:6
    Orc (2/2) D:11            Elf (0/3) Orc:2        Vaults (3/5) D:13
  Crypt (0/3) Vaults:3     Depths (0/5) D:15          Sewer (visited)
 Bailey (visited)

Altars:
Ashenzari
Cheibriados
Dithmenos
Elyvilon
Fedhas
Gozag
Hepliaklqana
Kikubaaqudgha
Makhleb
Nemelex Xobeh
Okawaru
Qazlal
Ru
Sif Muna
Trog
Uskayaw
Vehumet
Wu Jian
Xom
Yredelemnul
Zin
The Shining One

Shops:
D:7 **??   Orc:2 **(*:   Vaults:3 =

Annotations:
D:3 1 runed translucent door, Crazy Yiuf
D:10 Erolcha


Innate Abilities, Weirdness & Mutations

You have a pair of large horns on your head.
A weak demonic guardian rushes to your aid.
You are powered by pain.
You have an absolutely massive brain. (Int +6, Wiz)


Message History

You hear some strange, mumbled words.
Casting: Airstrike (mildly dangerous; 1% risk of failure)
Confirm with . or Enter, or press ? or * to list all spells.
Aiming: Airstrike (mildly dangerous; 1% risk of failure)
Press: ? - help, Dir - move target, f/p - ironbrand convoker
Aim: an ironbrand convoker, wielding a +0 mace and wearing a +0 scale mail (heavily wounded)
The air twists around and strikes the ironbrand convoker!
The ironbrand convoker is almost dead.
The ironbrand convoker casts a spell at the vault warden.
The vault warden seems to grow stronger.
Casting: Airstrike (mildly dangerous; 1% risk of failure)
Confirm with . or Enter, or press ? or * to list all spells.
Aiming: Airstrike (mildly dangerous; 1% risk of failure)
Press: ? - help, Dir - move target, f/p - ironbrand convoker
Aim: an ironbrand convoker, wielding a +0 mace and wearing a +0 scale mail (almost dead)
The air twists around and strikes the ironbrand convoker!
You kill the ironbrand convoker!
Vehumet accepts your kill.
You feel your power returning.
You hear some strange, mumbled words.
A shard of ice appears from out of thin air!
The shard of ice hits you!!!
The ironheart preserver gestures wildly while chanting.
The ironheart preserver begins to accept its allies' injuries.
Your life force feels restored.
Unknown command.
You closely miss something. You block something's attack.
You block the vault warden's attack. Something hits you!
Unknown command.
You swap places.
Something hits you!
Unknown command.
You slice the vault warden!! You burn the vault warden.
You freeze the vault warden. You headbutt the vault warden.
The vault warden is lightly wounded.
Your orange demon disappears in a puff of smoke!
You hear some strange, mumbled words.
A shard of ice appears from out of thin air!
The shard of ice misses you. You block the vault warden's attack.
The vault warden hits you with a +0 great mace!!!
You die...

.......#.........#
.......########'##########
..... #...........#.. ..)
#...........#..
##'#####..#######..#..
#†.p...#..# #..#..
#.†..).#..# #..#..
#...p{.#..# #..#.#
#...p@§+..# #..#..
#......#..# #..#<.
#......#..#######.W#p.
########....([.)[))Wp)
#.....)....)#.)
###############


You could see an ironheart preserver and 2 vault wardens.

Vanquished Creatures
  A tentacled monstrosity (Vaults:2)
  Jorgrun (Orc:2)
  2 liches
  A tentacled starspawn (Abyss:3)
  Polyphemus (Shoals:2)
  A kraken (Shoals:4)
  Kirke (Lair:4)
  Donald (Shoals:4)
  A tengu reaver (Vaults:2)
  An orc warlord (Orc:1)
  2 vault wardens
  A frost giant (Vaults:2)
  5 ironheart preservers
  2 stone giants (Vaults:2)
  A very ugly thing (Vaults:3)
  A blizzard demon (Abyss:3)
  2 fire dragons
  A crystal guardian (Vaults:3)
  7 merfolk impalers
  4 merfolk javelineers
  Snorg (Orc:1)
  A great orb of eyes (Vaults:3)
  An ice dragon (Vaults:2)
  5 rakshasas
  2 yaktaur captains
  4 boulder beetles
  5 ogre magi
  5 hydras
  2 vault guards
  4 merfolk avatars
  2 alligator snapping turtles
  7 centaur warriors
  4 catoblepae
  25 two-headed ogres
  Erica (D:8)
  8 death yaks
  2 satyrs
  4 tengu warriors
  A deep troll shaman (Lair:6)
  7 merfolk aquamancers
  Urug (Orc:2)
  4 deep troll earth magi (Vaults:2)
  An orc high priest (Orc:1)
  3 deep elf knights
  Nergalle (Orc:1)
  A thrashing horror (Abyss:3)
  A spatial maelstrom (Abyss:3)
  A wretched star (Abyss:3)
  3 unseen horrors
  A swamp dragon (shapeshifter) (D:15)
  7 sea snakes
  2 glowing orange brains (Vaults:2)
  4 deep trolls (Vaults:2)
  3 wizards
  A deep elf archer (Vaults:1)
  An unseen horror (shapeshifter) (Vaults:1)
  A flayed ghost (D:15)
  An orange crystal statue (D:13)
  9 ironbrand convokers
  4 necromancers
  12 orc knights
  2 deep elf zephyrmancers (Vaults:1)
  13 harpies
  2 deep elf pyromancers
  5 oklob plants
  A wolf spider (Vaults:3)
  31 ugly things
  8 fauns
  4 orc sorcerers
  7 cyclopes
  11 manticores
  A fire giant skeleton (D:15)
  6 merfolk sirens
  4 centaur zombies
  18 elephants
  A frost giant skeleton (D:15)
  Maurice (D:9)
  Joseph (D:8)
  8 black mambas
  6 water nymphs
  2 torpor snails
  8 vault sentinels
  3 centaur skeletons
  17 cane toads
  5 gargoyles
  A smoke demon (Abyss:3)
  3 rime drakes
  Psyche (D:8)
  A kobold demonologist (D:15)
  2 freezing wraiths (Vaults:2)
  2 demonic crawlers (Abyss:3)
  8 komodo dragons
  14 yaktaurs
  A tengu conjurer (D:12)
  2 guardian mummies (D:15)
  29 merfolk
  13 trolls
  A polar bear (Lair:6)
  9 wind drakes
  A jumping spider (shapeshifter) (Vaults:1)
  A wind drake (shapeshifter) (Vaults:3)
  A wolf spider simulacrum (D:15)
  2 hornets
  8 snapping turtles
  11 blink frogs
  A blink frog (shapeshifter) (D:15)
  A spriggan zombie (D:15)
  5 dream sheep
  3 raiju (Abyss:3)
  6 slime creatures
  A deep troll zombie (D:15)
  A frost giant simulacrum (Vaults:2)
  17 water elementals
  A redback (shapeshifter) (Vaults:3)
  A shadow (D:14)
  4 vampires
  2 ynoxinuls (Abyss:3)
  4 wyverns
  4 hogs (Lair:4)
  19 humans (D:13)
  4 wraiths
  6 basilisks
  45 yaks
  A chaos spawn (Vaults:3)
  4 vampire mosquitoes
  3 steam dragons
  A harpy simulacrum (Abyss:3)
  3 nagas (Lair:4)
  5 wargs
  4 soldier ants
  8 water moccasins
  An acid dragon (Vaults:2)
  60 orc warriors
  A hornet zombie (D:13)
  2 large abominations (Abyss:3)
  2 ice beasts (D:13)
  2 black bears
  6 sky beasts
  29 ogres
  An eye of draining (D:5)
  24 wolves
  11 boggarts
  10 centaurs
  4 phantoms
  3 kobold brigands
  19 bullfrogs
  5 scorpions
  A wyvern skeleton (D:7)
  14 killer bees
  19 wights
  A howler monkey (D:7)
  9 electric eels
  A bullfrog zombie (D:11)
  4 lava snakes (D:13)
  5 hounds
  2 quasits
  13 jellies
  24 orc priests
  2 gnoll shamans (D:9)
  2 bullfrog skeletons
  4 iguanas
  Jessica (D:3)
  Ijyb (D:5)
  33 orc wizards
  5 hell rats (Lair:6)
  11 worker ants
  2 small abominations (Abyss:3)
  3 worker ant zombies
  Robin (D:3)
  12 adders
  7 gnolls (D:9)
  A white imp (D:10)
  3 ufetubi
  32 oozes
  2 adder skeletons
  2 worms
  A dart slug (D:1)
  16 leopard geckos
  123 orcs
  7 ball pythons
  17 giant cockroaches
  13 goblins
  15 hobgoblins
  6 jackals
  35 kobolds
  2 quokkas
  12 bats
  15 frilled lizards
  A quokka skeleton (D:5)
  13 rats
  3 tentacles
1296 creatures vanquished.

Vanquished Creatures (collateral kills)
  A merfolk aquamancer (Shoals:4)
  A deep elf archer (Vaults:1)
  2 harpies (Vaults:3)
  A raiju (Abyss:3)
5 creatures vanquished.

Vanquished Creatures (others)
  A stone giant (Vaults:2)
  A merfolk javelineer (Shoals:4)
  A two-headed ogre (Vaults:2)
  A merfolk aquamancer (Shoals:4)
  A deep elf knight (Vaults:2)
  An orc knight (Vaults:2)
  3 ugly things (Vaults:2)
  2 merfolk (Shoals:4)
  A blink frog (Abyss:3)
  A human (Lair:4)
  An orc warrior (Vaults:2)
  A white imp (D:8)
  An orc (Vaults:2)
  2 bushes (Lair:6)
  44 fungi
  176 plants
  5 starspawn tentacles (Abyss:3)
  17 tentacles
  9 toadstools (D:4)
  11 withered plants (D:15)
280 creatures vanquished.

Grand Total: 1581 creatures vanquished

Notes
Turn   | Place    | Note
-------+----------+-------------------------------------------
     0 | D:1      | Morbidden the Demonspawn Venom Mage began the quest for the
                  | Orb.
     0 | D:1      | Reached XP level 1. HP: 13/13 MP: 3/3
   356 | D:1      | Gained mutation: You have an unusually large brain. (Int
                  | +2) [demonic ancestry]
   356 | D:1      | Reached XP level 2. HP: 19/19 MP: 0/5
   643 | D:1      | Learned a level 2 spell: Poisonous Vapours
  1348 | D:1      | Gained mutation: You have an extremely huge brain. (Int +4)
                  | [demonic ancestry]
  1348 | D:1      | Reached XP level 3. HP: 24/24 MP: 6/6
  2588 | D:2      | Reached skill level 3 in Spellcasting
  2660 | D:2      | Found a stormy altar of Qazlal.
  2862 | D:3      | Found a hide-covered altar of Uskayaw.
  3060 | D:3      | Gained mutation: You sometimes gain a little power by
                  | taking damage. [demonic ancestry]
  3060 | D:3      | Reached XP level 4. HP: 30/30 MP: 0/8
  3268 | D:3      | Noticed Robin
  3272 | D:3      | Killed Robin
  3818 | D:3      | Reached skill level 1 in Transmutations
  3879 | D:3      | Noticed Jessica
  3881 | D:3      | Killed Jessica
  3882 | D:3      | Gained mutation: You sometimes gain power by taking damage.
                  | [demonic ancestry]
  3882 | D:3      | Reached XP level 5. HP: 36/36 MP: 4/9
  4566 | D:3      | Reached skill level 1 in Fighting
  4566 | D:3      | Reached skill level 1 in Air Magic
  4702 | D:3      | Found a runed translucent door.
  4703 | D:3      | Noticed Crazy Yiuf
  4865 | D:4      | Found a staircase to the Ecumenical Temple.
  4876 | Temple   | Entered the Ecumenical Temple
  4881 | Temple   | Became a worshipper of Vehumet
  4917 | D:4      | Noticed an ogre
  4944 | D:4      | Killed an ogre
  4945 | D:4      | Gained mutation: You are powered by pain. [demonic
                  | ancestry]
  4945 | D:4      | Reached XP level 6. HP: 43/43 MP: 5/11
  5082 | D:4      | Found a glowing drain.
  5094 | Sewer    | Entered a sewer
  5314 | Sewer    | Learned a level 4 spell: Olgreb's Toxic Radiance
  5645 | Sewer    | Reached * piety under Vehumet
  5645 | Sewer    | Offered knowledge of Magic Dart by Vehumet.
  5653 | Sewer    | Learned a level 1 spell: Magic Dart
  7420 | Sewer    | Reached XP level 7. HP: 40/49 MP: 2/12
  7429 | Sewer    | Reached skill level 4 in Spellcasting
  7429 | Sewer    | Reached skill level 5 in Poison Magic
  7769 | D:4      | Reached ** piety under Vehumet
  7769 | D:4      | Offered knowledge of Foxfire by Vehumet.
  8907 | D:5      | Entered Level 5 of the Dungeon
  9003 | D:5      | Reached skill level 1 in Conjurations
  9282 | D:5      | Found a glowing golden altar of the Shining One.
  9568 | D:5      | Gained mutation: You have a pair of small horns on your
                  | head. [demonic ancestry]
  9568 | D:5      | Reached XP level 8. HP: 32/58 MP: 15/15
  9918 | D:5      | Reached skill level 1 in Short Blades
 10018 | D:5      | Offered knowledge of Inner Flame by Vehumet.
 10047 | D:5      | Learned a level 3 spell: Ignite Poison
 10133 | D:5      | Reached skill level 5 in Spellcasting
 10435 | D:5      | Noticed Ijyb
 10441 | D:5      | Killed Ijyb
 11327 | D:6      | Found a glowing silver altar of Zin.
 11532 | D:6      | Found a shimmering blue altar of Sif Muna.
 11684 | D:7      | Reached skill level 1 in Shields
 11687 | D:7      | Found a flagged portal.
 11736 | Bailey   | Entered a bailey
 11743 | Bailey   | Reached *** piety under Vehumet
 11975 | Bailey   | Got a brightly glowing broad axe
 11979 | Bailey   | Identified the +1 broad axe of Wariness {pain, *Noise +Rage
                  | MP+9 SInv} (You found it in a bailey)
 12007 | Bailey   | Offered knowledge of Static Discharge by Vehumet.
 12057 | Bailey   | Identified the +4 scale mail of the Wilderness {rN+ Str+4
                  | Dex-5}
 12071 | Bailey   | Reached XP level 9. HP: 65/65 MP: 3/17
 12176 | Bailey   | Found a burning altar of Makhleb.
 13137 | D:7      | Learned a level 3 spell: Static Discharge
 13245 | D:7      | Found Tiecrishre's General Store.
 13301 | D:7      | Reached skill level 6 in Spellcasting
 13305 | D:7      | Found Exanui's Magic Scroll Boutique.
 13308 | D:7      | Bought a scroll of teleportation for 45 gold pieces
 13528 | D:7      | Found Ihoap's General Store.
 13888 | D:7      | Found an ornate altar of the Wu Jian Council.
 14140 | D:7      | Found Icsas's Magic Scroll Boutique.
 14662 | D:8      | Found a sparkling altar of Nemelex Xobeh.
 14731 | D:8      | Noticed Joseph
 15100 | D:8      | Killed Joseph
 15376 | D:8      | Reached skill level 1 in Fire Magic
 15436 | D:8      | Noticed Psyche
 15441 | D:8      | Killed Psyche
 15446 | D:8      | Reached **** piety under Vehumet
 15645 | D:8      | Found a hazy altar of Hepliaklqana.
 15693 | D:8      | Noticed Erica
 15698 | D:8      | Killed Erica
 15699 | D:8      | Reached skill level 5 in Dodging
 15699 | D:8      | Reached skill level 7 in Spellcasting
 15699 | D:8      | Reached XP level 10. HP: 73/73 MP: 7/20
 15709 | D:8      | Offered knowledge of Airstrike by Vehumet.
 15848 | D:8      | Learned a level 4 spell: Airstrike
 15988 | D:9      | Reached skill level 5 in Fighting
 16053 | D:9      | Found an opulent altar of Gozag.
 16114 | D:9      | Found an ancient bone altar of Kikubaaqudgha.
 16188 | D:9      | Noticed a two-headed ogre
 16193 | D:9      | Killed a two-headed ogre
 16513 | D:9      | Found a sacrificial altar of Ru.
 16536 | D:9      | Reached ***** piety under Vehumet
 16539 | D:9      | Reached skill level 8 in Spellcasting
 16636 | D:9      | Noticed Maurice
 16640 | D:9      | Killed Maurice
 16640 | D:9      | Offered knowledge of Sticky Flame by Vehumet.
 16906 | D:10     | Entered Level 10 of the Dungeon
 17056 | D:10     | Noticed Erolcha
 17994 | D:10     | Reached XP level 11. HP: 75/81 MP: 13/23
 18391 | D:10     | Got a masterwork ring mail
 18580 | D:10     | Noticed a two-headed ogre
 18587 | D:10     | Killed a two-headed ogre
 18749 | D:10     | Identified the +0 ring mail of Trumpets {Str+3} (You found
                  | it on level 10 of the Dungeon)
 18754 | D:10     | Found a glowing golden altar of the Shining One.
 18870 | D:11     | Found a glowing golden altar of the Shining One.
 19441 | D:11     | Noticed an unseen horror
 19446 | D:11     | Killed an unseen horror
 19529 | D:11     | Reached skill level 9 in Spellcasting
 19754 | D:11     | Noticed a boulder beetle
 19760 | D:11     | Killed a boulder beetle
 20269 | D:11     | Found a staircase to the Lair.
 20396 | D:11     | Noticed a boulder beetle
 20401 | D:11     | Killed a boulder beetle
 20472 | D:11     | Noticed a cyan ugly thing
 20477 | D:11     | Killed a cyan ugly thing
 20477 | D:11     | Noticed a cyan ugly thing
 20878 | D:11     | Found a staircase to the Orcish Mines.
 21019 | D:11     | Killed a cyan ugly thing
 21382 | D:11     | Found a burning altar of Makhleb.
 21442 | D:12     | Noticed a tengu warrior
 21446 | D:12     | Killed a tengu warrior
 21447 | D:12     | Reached skill level 10 in Spellcasting
 21447 | D:12     | Reached skill level 5 in Air Magic
 21689 | D:12     | Noticed a brown ugly thing
 21694 | D:12     | Killed a brown ugly thing
 21694 | D:12     | Offered knowledge of Iron Shot by Vehumet.
 21695 | D:12     | Reached XP level 12. HP: 89/89 MP: 14/26
 23171 | D:13     | Found a gate to the Vaults.
 23171 | D:13     | Noticed a vault guard
 23175 | D:13     | Reached skill level 11 in Spellcasting
 23176 | D:13     | Killed a vault guard
 23251 | D:13     | Noticed a centaur warrior
 23258 | D:13     | Killed a centaur warrior
 23661 | D:13     | Got an ancient cloak
 23705 | D:13     | Identified the +0 cloak of the Chupacabra {*Slow rC+ rCorr}
                  | (You found it on level 13 of the Dungeon)
 24166 | D:13     | Reached XP level 13. HP: 67/97 MP: 20/28
 26005 | D:14     | Reached skill level 12 in Spellcasting
 26505 | D:14     | Found a shadowy altar of Dithmenos.
 26972 | D:14     | Offered knowledge of Starburst by Vehumet.
 27102 | D:14     | Learned a level 3 spell: Vampiric Draining
 27212 | D:15     | Entered Level 15 of the Dungeon
 27212 | D:15     | Found a sparkling altar of Nemelex Xobeh.
 27495 | D:15     | Reached skill level 1 in Necromancy
 28004 | D:15     | Reached skill level 5 in Shields
 28081 | D:15     | Learned a level 6 spell: Starburst
 28179 | Lair:1   | Entered Level 1 of the Lair of Beasts
 28568 | Lair:1   | Reached XP level 14. HP: 93/106 MP: 18/30
 31783 | Lair:3   | Reached skill level 13 in Spellcasting
 32854 | Lair:4   | Reached skill level 1 in Evocations
 33200 | Lair:4   | Reached skill level 5 in Conjurations
 33446 | Lair:4   | Found a staircase to the Shoals.
 33648 | Lair:4   | Noticed Kirke
 33661 | Lair:4   | Killed Kirke
 33801 | Lair:4   | Offered knowledge of Lee's Rapid Deconstruction by Vehumet.
 33956 | Lair:4   | Found a staircase to the Snake Pit.
 35064 | Lair:5   | Found the +2 Maxwell's thermic engine {flame, freeze}
 36016 | Lair:6   | Entered Level 6 of the Lair of Beasts
 36031 | Lair:6   | Gained mutation: You have a pair of horns on your head.
                  | [demonic ancestry]
 36031 | Lair:6   | Reached XP level 15. HP: 77/113 MP: 32/32
 36213 | Lair:6   | Reached skill level 1 in Long Blades
 36868 | Lair:6   | Found a staircase to the Slime Pits.
 37374 | Lair:6   | Offered knowledge of Fireball by Vehumet.
 37433 | Lair:6   | Reached ****** piety under Vehumet
 37434 | Lair:6   | Reached skill level 10 in Air Magic
 38375 | Lair:6   | Reached skill level 5 in Necromancy
 38703 | Orc:1    | Entered Level 1 of the Orcish Mines
 38711 | Orc:1    | Noticed Nergalle
 38717 | Orc:1    | Killed Nergalle
 38725 | Orc:1    | Noticed Snorg
 38733 | Orc:1    | Killed Snorg
 39036 | Orc:1    | Learned a level 5 spell: Fireball
 39048 | Orc:1    | Noticed an orc warlord
 39063 | Orc:1    | Killed an orc warlord
 39504 | Orc:1    | You fall into a shaft and drop 1 floor!
 39504 | Orc:2    | Entered Level 2 of the Orcish Mines
 39504 | Orc:2    | Found Micenuad's Assorted Antiques.
 39529 | Orc:2    | Noticed Jorgrun
 39535 | Orc:2    | Paralysed by an orc sorcerer for 5 turns
 39546 | Orc:2    | Noticed Urug
 39553 | Orc:2    | Offered knowledge of Eringya's Noxious Bog by Vehumet.
 39587 | Orc:2    | Killed Jorgrun
 39588 | Orc:2    | Reached skill level 14 in Spellcasting
 39649 | Orc:2    | Killed Urug
 40034 | Orc:2    | Reached skill level 1 in Armour
 40186 | Orc:2    | Found a staircase to the Elven Halls.
 40608 | Orc:2    | Found Ryososua's General Store.
 40608 | Orc:2    | Found Yfair's Weapon Shop.
 40610 | Orc:2    | Found Bimai's General Store.
 40612 | Orc:2    | Found Nearovaj's Book Emporium.
 40900 | Orc:2    | Bought a scroll of acquirement for 780 gold pieces
 40903 | Orc:2    | Acquired 451 gold pieces
 41272 | Shoals:1 | Entered Level 1 of the Shoals
 41887 | Shoals:1 | Learned a level 6 spell: Eringya's Noxious Bog
 42231 | Shoals:1 | Offered knowledge of Conjure Ball Lightning by Vehumet.
 42389 | Shoals:1 | Found a white marble altar of Elyvilon.
 42394 | Shoals:1 | Noticed a kraken
 43052 | Shoals:2 | Acquired 751 gold pieces
 43414 | Shoals:2 | Gained mutation: You have a pair of large horns on your
                  | head. [demonic ancestry]
 43414 | Shoals:2 | Reached XP level 16. HP: 112/122 MP: 17/34
 44555 | Shoals:2 | Noticed Polyphemus
 44559 | Shoals:2 | Reached skill level 10 in Poison Magic
 44566 | Shoals:2 | Killed Polyphemus
 44567 | Shoals:2 | Reached skill level 10 in Fighting
 45895 | Shoals:3 | HP: 6/122 [snapping turtle (21)]
 46457 | Shoals:3 | Reached skill level 5 in Transmutations
 47316 | Shoals:4 | Entered Level 4 of the Shoals
 48041 | Shoals:4 | Identified the +6 chain mail "Dytazet" {Regen+}
 48041 | Shoals:4 | Identified the ring of Uskayaw's Esteem {+Fly Dex+6}
 48606 | Shoals:4 | Noticed Donald
 48614 | Shoals:4 | Killed Donald
 48669 | Shoals:4 | Reached skill level 1 in Throwing
 49044 | Shoals:4 | Noticed a kraken
 49402 | Shoals:4 | Reached skill level 15 in Spellcasting
 49771 | Shoals:4 | Reached skill level 10 in Dodging
 49937 | Shoals:4 | Noticed a kraken
 49948 | Shoals:4 | Killed a kraken
 50155 | Shoals:4 | Gained mutation: A weak demonic guardian rushes to your
                  | aid. [demonic ancestry]
 50155 | Shoals:4 | Reached XP level 17. HP: 48/129 MP: 36/36
 50158 | Shoals:4 | Noticed a kraken
 50979 | Shoals:4 | Got a barnacled rune of Zot
 51494 | Vaults:1 | Entered Level 1 of the Vaults
 51565 | D:15     | Reached skill level 5 in Long Blades
 52452 | D:15     | Found a glowing silver altar of Zin.
 52464 | D:15     | Found a staircase to the Depths.
 52827 | D:15     | Offered knowledge of Fire Storm by Vehumet.
 52827 | D:15     | Offered knowledge of Shatter by Vehumet.
 52827 | D:15     | Offered knowledge of Absolute Zero by Vehumet.
 55252 | Vaults:1 | Acquired the +2 cloak "Teolifal" {Harm Regen+}
 56043 | Vaults:1 | You fall into a shaft and drop 1 floor!
 56096 | Vaults:2 | Reached skill level 5 in Fire Magic
 57197 | Vaults:2 | Gained mutation: You have an absolutely massive brain. (Int
                  | +6, Wiz) [demonic ancestry]
 57197 | Vaults:2 | Reached XP level 18. HP: 136/136 MP: 29/37
 57561 | Vaults:2 | Found a transporter.
 57600 | Vaults:2 | Found a transporter.
 58228 | Vaults:2 | Learned a level 6 spell: Statue Form
 58688 | Vaults:2 | Noticed a lich
 58714 | Vaults:2 | Killed a lich
 58734 | Vaults:2 | Noticed a tentacled monstrosity
 58740 | Vaults:2 | Reached skill level 16 in Spellcasting
 58740 | Vaults:2 | Reached skill level 1 in Earth Magic
 58742 | Vaults:2 | Killed a tentacled monstrosity
 58805 | Vaults:2 | Identified the ring "Bumuak" {Ice Dex+7} (You found it on
                  | level 2 of the Vaults)
 58828 | Vaults:2 | Identified Lycw's Catalogue of Dusty Battle Magic
 58840 | Vaults:2 | Identified the ring of the Lusting Coward {*Drain rPois
                  | Dex+4 SInv} (You found it on level 2 of the Vaults)
 58858 | Vaults:2 | Identified the Disquisition on Noxious Black Arts
 59049 | Vaults:3 | Found Nybaalou's Jewellery Shop.
 59479 | Vaults:3 | Cast into level 3 of the Abyss (a wizard)
 59588 | Abyss:3  | Found a roughly hewn altar of Beogh.
 59659 | Abyss:3  | Noticed a lich
 59668 | Abyss:3  | Killed a lich
 59760 | Vaults:3 | Escaped the Abyss
 59903 | Vaults:3 | Identified Reisuuq's Reference Book on the Fetching
                  | Volcanoes
 59908 | Vaults:3 | Found a staircase to the Crypt.
 60116 | Vaults:3 | Demolished by a vault warden

Illustrated notes

Levels and vault maps discovered:
D:1:      dpeg_arrival_more_subterranean_lakeside_camping, layout_basic,
          hangedman_decor_lopped
D:2:      layout_loops_ring, grunt_qazlal_clouds, serial_glass, glass_columns_b,
          glass_columns_a
D:3:      cheibrodos_pilgrimage, layout_loops_cross, overflow_temple_1_default,
          minmay_misc_feat_alley, uniq_jessica, uniq_crazy_yiuf_cottage,
          uniq_robin
D:4:      cheibrodos_fertilizer, layout_basic, temple_pool_b,
          portal_sewer_entry_f, roderic_lattice_a
D:5:      layout_basic, kennysheep_little_box, uniq_ijyb
D:6:      layout_loops_ring, lemuel_coloured_pillars_altar, lemuel_round_altar
D:7:      layout_basic, nzn_wu_jian_contemplation, serial_shops, shop,
          nicolae_shop_trees, nicolae_shop_waterfront, shop_fountains,
          enter_bailey_4, chequers_big_river
D:8:      layout_rooms, lemuel_round_altar, nemelex_xobeh_ov_fountains_minmay,
          uniq_joseph, uniq_erica, uniq_psyche
D:9:      layout_roguey, general_overflow_altar, nicolae_overflow_hidden_temple,
          nicolae_gozag_cash_rules_everything_around_me, serial_bayou_crossing,
          uniq_maurice
D:10:     layout_rooms, grunt_ministairs_11, nicolae_tso_carved_into_rock,
          uniq_erolcha
D:11:     minmay_spotlight, layout_loops_ring, orc_0_dummy, chequers_garden,
          grunt_ministairs_6, nzn_life_drinkers
D:12:     layout_roguey, chequers_mini_garden
D:13:     layout_roguey, grunt_vaults_entry_tiered, disabler_island
D:14:     layout_long_grid, grunt_dithmenos_shadows
D:15:     gammafunk_depths_entry_grave, layout_cave_pods, zin_angel, basic_altar
Temple:   minmay_freezing_vapour_temple
Lair:1:   layout_regular_city
Lair:2:   layout_chaotic_city, minmay_lair_oklob_chamber
Lair:3:   layout_cave_pods, minmay_holes, serial_bayou_pond_d, minivault_11,
          st_stairs_11
Lair:4:   lemuel_slime, layout_gridlike, minmay_shoals_entry_beasts,
          minmay_snake_entry_guardpost_small, nicolae_lair_yak_garden,
          uniq_kirke
Lair:5:   layout_regular_city, minmay_stone_trees_small
Lair:6:   grunt_lair_end_beastmaster, layout_loops_ring, slime_dummy,
          chequers_serial_rivers_micro_e, grunt_megastairs_5,
          serial_bayou_shore_a
Shoals:1: layout_shoals, wheals_shoals_ruined_temple
Shoals:2: layout_shoals, nicolae_shoals_flooded_hall, uniq_polyphemus
Shoals:3: layout_shoals
Shoals:4: shoals_end_simple, layout_shoals, uniq_donald
Orc:1:    layout_caves, uniq_snorg, uniq_nergalle
Orc:2:    st_orc_rangers, layout_diamond_mine, serial_shops, shop, uniq_jorgrun,
          uniq_urug
Vaults:1: v_rooms_2, nicolae_vaults_little_squares_2, v_misc_2, v_misc_24,
          v_misc_8, hangedman_vaults_stream, vaults_room_ringed_pool,
          vaults_room_pool, vaults_room_stairs_pillars,
          nicolae_vaults_little_squares_5, v_misc_14, grunt_vaults_focal,
          layout_vaults_omnibox
Vaults:2: vaults_room_octagon, gammafunk_dig_for_victory,
          vaults_standard_mumra_lines, nicolae_vaults_gold_heap,
          ontoclasm_vaults_pinch, ontoclasm_vaults_chip,
          layout_vaults_chaotic_city
Vaults:3: nicolae_vaults_circle_grid_b, v_misc_32,
          minmay_crypt_entry_vampire_xt, v_misc_3, v_misc_24, vaults_mumra_lcd,
          v_misc_14, nicolae_vaults_an_arrangement,
          nicolae_vaults_hallways_thing, v_misc_16, grunt_vaults_funnel,
          vaults_room_corners, layout_vaults_omnicross, serial_shops, shop

Skill      XL: |  1  2  3  4  5  6  7  8  9 10 11 12 13 14 15 16 17 18 |
---------------+-------------------------------------------------------+-----
Stealth        | 2 3 |  3.9
Dodging        | 2 3 4 5 6 7 8 9 10 11 | 11.1
Spellcasting   | 3 4 5 7 8 10 11 12 13 14 15 16 | 16.3
Transmutations | 1 2 3 4 5 6 7 |  7.2
Poison Magic   | 4 5 6 7 8 9 10 11 | 11.1
Fighting       | 1 3 4 5 6 7 8 9 10 11 | 11.3
Air Magic      | 1 2 5 7 8 9 10 11 | 11.3
Conjurations   | 1 3 4 5 6 7 |  7.1
Short Blades   | 1 2 3 |  3.9
Shields        | 1 2 3 4 5 6 7 8 |  8.9
Fire Magic     | 1 2 3 4 5 |  5.4
Necromancy     | 2 4 5 6 |  6.4
Evocations     | 1 |  1.1
Long Blades    | 3 4 6 7 |  7.6
Armour         | 2 |  2.7
Throwing       | 1 |  1.0
Earth Magic    | 2 |  2.8
Unarmed Combat | |  0.4

Action                   |  1- 3 |  4- 6 |  7- 9 | 10-12 | 13-15 | 16-18 || total
-------------------------+-------+-------+-------+-------+-------+-------++-------
Melee: Unarmed           |    31 |    40 |     8 |       |       |       ||    79
       Short sword       |       |       |   188 |   282 |   272 |       ||   742
       Dagger            |       |       |    13 |       |       |       ||    13
       Headbutt          |       |       |    22 |    61 |   118 |   104 ||   305
       Double sword      |       |       |       |       |   201 |   388 ||   589
Throw: Dart              |    45 |    57 |       |       |       |       ||   102
       Boomerang         |       |       |    26 |    10 |    11 |       ||    47
       Javelin           |       |       |       |       |     4 |    20 ||    24
 Cast: Sting             |    75 |    75 |    69 |       |       |       ||   219
       Poisonous Vapours |    11 |    89 |    68 |    28 |    46 |    34 ||   276
       Magic Dart        |       |     8 |   131 |    14 |       |       ||   153
       Olgreb's Toxic Ra |       |       |    38 |    82 |   141 |    98 ||   359
       Ignite Poison     |       |       |    21 |    47 |   163 |   142 ||   373
       Static Discharge  |       |       |       |     8 |       |       ||     8
       Airstrike         |       |       |       |   110 |   313 |   316 ||   739
       Vampiric Draining |       |       |       |       |     2 |     3 ||     5
       Fireball          |       |       |       |       |    10 |    89 ||    99
       Eringya's Noxious |       |       |       |       |       |    35 ||    35
Evoke: Wand              |       |       |     8 |       |     3 |     9 ||    20
       Phial of floods   |       |       |       |     1 |     2 |     1 ||     4
       Tin of tremorston |       |       |       |       |     5 |     4 ||     9
       Box of beasts     |       |       |       |       |     1 |     1 ||     2
  Use: Scroll            |       |     3 |     9 |    10 |    16 |    11 ||    49
       Potion            |       |       |     6 |     3 |     6 |     4 ||    19
 Stab: Sleeping          |       |       |       |     2 |     2 |     2 ||     6
Armor: Leather armour    |    20 |       |       |       |       |       ||    20
       Robe              |       |    17 |    39 |     5 |       |       ||    61
       Steam dragon scal |       |       |     6 |    33 |    81 |    36 ||   156
       Chain mail        |       |       |       |       |       |    91 ||    91
Dodge: Dodged            |    51 |    96 |   227 |   196 |   409 |   401 ||  1380
Block: Buckler           |       |       |    50 |   162 |    29 |       ||   241
       Reflection        |       |       |     2 |    13 |    47 |    65 ||   127
       Kite shield       |       |       |       |       |   492 |   537 ||  1029
       Rpst.: Double sword |       |       |       |       |    64 |    82 ||   146

Table legend: (Time is in decaauts)
 A = Elapsed time spent in this place.
 B = Non-inter-level travel time spent in this place.
 C = Inter-level travel time spent in this place.
 D = Time resting spent in this place.
 E = Time spent auto-exploring this place.
 F = Levels seen in this place.
 G = Mean time per level.
                   A        B        C        D        E       F      G
               +--------+--------+--------+--------+--------+-----+--------+
         Total |  60930 |  58561 |   2369 |  11701 |  37923 |  34 | 1792.1 |
       Dungeon |  27301 |  26294 |   1007 |   3592 |  18573 |  15 | 1820.1 |
        Temple |     12 |     12 |      0 |      0 |      0 |   1 |   12.0 |
          Lair |  10964 |  10379 |    585 |   1836 |   7443 |   6 | 1827.3 |
        Shoals |  10489 |  10105 |    384 |   3549 |   5312 |   4 | 2622.2 |
  Orcish Mines |   2274 |   2241 |     33 |    193 |   1476 |   2 | 1137.0 |
        Vaults |   6424 |   6066 |    358 |    919 |   4038 |   3 | 2141.3 |
         Abyss |    292 |    292 |      0 |      0 |    110 |   1 |  292.0 |
         Sewer |   2545 |   2545 |      0 |   1478 |    742 |   1 | 2545.0 |
        Bailey |    626 |    626 |      0 |    134 |    228 |   1 |  626.0 |
               +--------+--------+--------+--------+--------+-----+--------+

Top non-repeatable levels by time:
Shoals:2: 3606 daAuts
Vaults:2: 2858 daAuts
    D:15: 2782 daAuts
Vaults:1: 2764 daAuts
Shoals:4: 2742 daAuts
  Lair:6: 2619 daAuts
    D:11: 2590 daAuts
   Sewer: 2545 daAuts
Shoals:3: 2454 daAuts
    D:13: 2396 daAuts
    D:14: 2281 daAuts
  Lair:4: 2147 daAuts
  Lair:2: 2068 daAuts
     D:7: 1953 daAuts
     D:1: 1859 daAuts
